 Dungeon Crawl Stone Soup version 0.27.1-4-g1640c2035a (webtiles) character file.

Game seed: 7569479298011775612

35 Stomo444 the Skirmisher (level 3, -4/33 HPs)
             Began as a Draconian Monk on Nov 10, 2021.
             Slain by Sigmund (14 damage)
             ... on level 2 of the Dungeon.
             The game lasted 00:01:21 (1230 turns).

Stomo444 the Skirmisher (Draconian Monk)            Turns: 1230, Time: 00:01:21

Health: -4/33      AC:  5    Str: 14    XL:     3   Next: 16%
Magic:  12/12      EV: 13    Int: 10    God:
Gold:   14         SH:  0    Dex: 13    Spells: 2/2 levels left

rFire    . . .     SeeInvis .   a - +0 mace
rCold    . . .     Faith    .   (no shield)
rNeg     . . .     Spirit   .   (armour unavailable)
rPois    .         Reflect  .   (helmet restricted)
rElec    .         Harm     .   (no cloak)
rCorr    .         Rampage  .   (no gloves)
Will     .....                  (no boots)
Stlth    ++........             f - amulet of regeneration
HPRegen  1.11/turn              i - ring of magical power
MPRegen  0.13/turn              (no ring)

@: no status effects
A: AC +5, unfitting armour, cold-blooded
a: no special abilities


You were on level 2 of the Dungeon.
You visited 1 branch of the dungeon, and saw 2 of its levels.

You collected 14 gold pieces.

Inventory:

Hand Weapons
 a - a +0 mace (weapon)
Jewellery
 f - an amulet of regeneration (around neck)
 i - a ring of magical power (left hand)
Scrolls
 b - a scroll of blinking {unknown}
 c - a scroll of immolation {unknown}
 d - a scroll of acquirement {unknown}
 e - a scroll of vulnerability {unknown}
 h - a scroll of identify {unknown}
Potions
 g - a potion of cancellation {unknown}
 j - a potion of invisibility {unknown}
 k - 2 potions of curing {unknown}


   Skills:
 + Level 3.8 Fighting
 + Level 3.4 Maces & Flails
 + Level 3.1 Dodging
 - Level 1.7 Stealth


You had 2 spell levels left.
You didn't know any spells.
Your spell library contained the following spells:

 Spells                   Type           Power      Damage    Failure   Level
 Pain                     Necr           0%         1d4       36%         1
 Agony                    Necr           0%         N/A       100%        5
 Excruciating Wounds      Necr           0%         N/A       100%        5


Dungeon Overview and Level Annotations

Branches:
Dungeon (2/15)

Altars:

Annotations:
D:2 Sigmund


Innate Abilities, Weirdness & Mutations

Your plain brown scales are hard. (AC +5)
You cannot fit into any form of body armour.
You are cold-blooded and may be slowed by cold attacks.


Message History

k - 2 metallic emerald potions An endoplasm comes into view.
An endoplasm is nearby!
An endoplasm is nearby!
An endoplasm is nearby!
Sigmund shouts!
Found a hunting sling.
Sigmund hits you from afar with a +7 scythe of flaming!
Sigmund burns you.
The endoplasm quivers.
Found a +0 robe.
The endoplasm closely misses you.
You closely miss Sigmund. Sigmund completely misses you.
The endoplasm hits you but does no damage.
You hit Sigmund.
Sigmund is lightly wounded.
Sigmund closely misses you. The endoplasm freezes you.
You are frozen.
You hit Sigmund.
Sigmund is moderately wounded.
The endoplasm freezes you.
You are frozen.
You feel yourself slow down.
Sigmund hits you with a +7 scythe of flaming!
Sigmund burns you.
* * * LOW HITPOINT WARNING * * *
You feel yourself speed up. Sigmund closely misses you.
The endoplasm barely misses you.
Sigmund mumbles some strange words.
Sigmund flickers and vanishes!
Deactivating autopickup; reactivate with Ctrl-A.
You see here a +0 ring mail.
An endoplasm comes into view.
The endoplasm moves out of view.
You sock the endoplasm!
You kill the endoplasm!
Something hits you! Something burns you.
* * * LOW HITPOINT WARNING * * *
You see here a +0 ring mail.
Something hits you!
You die...

........#...##..##..#.##....
........#.# #.......#.# ....
..........###.###...#.# ..#
#..#####....#.# #.....# ..
#.# #.##.#.###...#.# #.
#......>.#...#.###.. #
#..#......#.........
...............)#.#.###
....##.....[@.......... ....
#......#..<....... #####
#......#..........
#......##.........
#########.........
#......... ######.### .. ##


There were no monsters in sight!

Vanquished Creatures
  A dart slug (D:2)
  3 ball pythons
  4 bats (D:1)
  2 endoplasms
  3 giant cockroaches (D:1)
  A goblin (D:1)
  5 hobgoblins (D:1)
  3 jackals (D:1)
  A kobold (D:1)
  A frilled lizard (D:1)
  3 rats (D:1)
27 creatures vanquished.

Notes
Turn   | Place    | Note
-------+----------+-------------------------------------------
     0 | D:1      | Stomo444 the Draconian Monk began the quest for the Orb.
     0 | D:1      | Reached XP level 1. HP: 19/19 MP: 1/1
   201 | D:1      | Reached XP level 2. HP: 26/26 MP: 2/2
   778 | D:1      | Reached XP level 3. HP: 32/33 MP: 3/3
  1130 | D:2      | Noticed Sigmund
  1230 | D:2      | Slain by Sigmund

Illustrated notes

Levels and vault maps discovered:
D:1:      minmay_arrival_nine_rooms, layout_loops_ring
D:2:      layout_rooms, grunt_ministairs_3, uniq_sigmund

Skill      XL: |  1  2 |
---------------+-------+-----
Dodging        | 3 |  3.1
Fighting       | |  3.8
Maces & Flails | |  3.4
Stealth        | |  1.7

Action                   || total
-------------------------++-------
Melee: Mace              ||    73
       Tailslap          ||     9
 Stab: Sleeping          ||     5
Armor: Skin              ||    25
Dodge: Dodged            ||    57
